 Dungeon Crawl Stone Soup version 0.30-a0-879-ga8ba668304 (webtiles) character file.

Game seed: 15385335548186466037

91 112233 the Stinger (level 4, 0/27 HPs)
             Began as an Octopode Venom Mage on Mar 14, 2023.
             Succumbed to an adder's poison
             ... on level 2 of the Dungeon.
             The game lasted 00:02:02 (1910 turns).

112233 the Stinger (Octopode Venom Mage)            Turns: 1910, Time: 00:02:03

Health: 0/27       AC:  1    Str:  7    XL:     4   Next: 57%
Magic:  4/8        EV: 13    Int: 19    God:
Gold:   77         SH:  0    Dex: 12    Spells: 6/9 levels left

rFire   . . .      SeeInvis .    a - +3 whip (freeze)
rCold   . . .      Faith    .    (no shield)
rNeg    . . .      Spirit   .    (helmet restricted)
rPois   .          Reflect  .    (no amulet)
rElec   .          Rampage  .    (no ring)
rCorr   .                        (no ring)
Will    .....                    (no ring)
Stlth   +++                      (no ring)
HPRegen 0.24/turn                (no ring)
MPRegen 0.11/turn                (no ring)
                                 (no ring)
                                 (no ring)

@: mighty, lethally poisoned (0 -> -3)
A: almost no armour, amphibious, 8 rings, camouflage 1, gelatinous body 1,
(nimble swimmer 1), tentacles
a: no special abilities


You were on level 2 of the Dungeon.
You visited 1 branch of the dungeon, and saw 2 of its levels.

You collected 77 gold pieces.

Inventory:

Hand Weapons
 a - a +3 whip of freezing (weapon)
 e - a +2 short sword of draining
Jewellery
 f - a ring of protection from cold
 h - a ring of protection from cold
Scrolls
 b - a scroll of magic mapping
 d - 2 scrolls of identify
 g - a scroll of immolation {unknown}


   Skills:
 - Level 2.2 Dodging
 - Level 3.0 Stealth
 + Level 3.1 Spellcasting
 - Level 1.3 Transmutations
 + Level 4.9 Poison Magic


You had 6 spell levels left.
You knew the following spells:

 Your Spells              Type           Power      Damage    Failure   Level
a - Sting                 Tmut/Pois      56%        1d5       4%          1
b - Poisonous Vapours     Pois/Air       24%        N/A       9%          2

Your spell library contained the following spells:

 Spells                   Type           Power      Damage    Failure   Level
 Shock                    Conj/Air       8%         1d3       16%         1
 Olgreb's Toxic Radiance  Pois           21%        N/A       21%         4
 Mephitic Cloud           Conj/Pois/Air  9%         N/A       22%         3
 Stone Arrow              Conj/Erth      4%         3d7       41%         3
 Swiftness                Air            2%         N/A       41%         3
 Airstrike                Air            1%         2d(1-17)  83%         4
 Lehudib's Crystal Spear  Conj/Erth      1%         10d2      100%        8
 Animate Armour           Summ/Erth      Unusable   N/A       N/A         4

Dungeon Overview and Level Annotations

Branches:
Dungeon (2/15)

Altars:


Innate Abilities, Weirdness & Mutations

You cannot wear most types of armour.
You are amphibious.
You can wear up to eight rings at the same time.
Your skin changes colour to match your surroundings (Stealth+).
Your rubbery body absorbs attacks. (AC +1, EV +1)
((You are camouflaged when in or above water. (Stealth+)))
You have tentacles for arms and can constrict up to eight enemies at once.


Message History

You are too injured to fight recklessly!
Unknown command.
You are too injured to fight recklessly!
Unknown command.
It was a potion of might.
You feel very mighty all of a sudden.
* * * LOW HITPOINT WARNING * * *
You feel sick. The adder barely misses you.
Unknown command.
Unknown command.
* * * LOW HITPOINT WARNING * * *
You feel sick.
Unknown command.
Casting: Sting (safe; 4% risk of failure)
Confirm with . or Enter, or press ? or * to list all spells.
Aiming: Sting (safe; 4% risk of failure)
Press: ? - help, Shift-Dir - straight line, f/p - adder
Aim: an adder (heavily wounded, 53% to hit)
The sting hits the adder.
The adder is poisoned.
The adder is severely wounded.
* * * LOW HITPOINT WARNING * * *
You feel sick. The adder bites you.
* * * LOW HITPOINT WARNING * * *
The adder misses you.
You miss the adder. You grab the adder.
The adder is severely wounded.
You constrict the adder.
* * * LOW HITPOINT WARNING * * *
You feel sick. The adder misses you.
Unknown command.
You whack the adder! You freeze the adder.
You kill the adder!
* * * LOW HITPOINT WARNING * * *
You feel sick.
Your magical contamination has completely faded away.
Unknown command.
* * * LOW HITPOINT WARNING * * *
You feel sick.
Unknown command.
You die...

#######
#.########...#.##
##.........#....# #
#..........#.#.## ###
#.####....#....######..
#.#######.......†.
#....#....#......#
##@#..#.#..........
#..#..# ####.####..
#.## ... #.# ##. . ...
#.## #.# ## . #.#. .#
#.#####
###########.B... #
#....<# ##<<........#
#. #####.# #...######..
.. #.# ........#.# #.
#.#


You could see a giant cockroach.

Vanquished Creatures
  A gnoll (D:1)
  4 adders (D:2)
  2 worms (D:2)
  4 ball pythons
  3 bats (D:1)
  5 giant cockroaches (D:1)
  4 goblins
  2 hobgoblins (D:2)
  3 kobolds
  4 quokkas
  4 frilled lizards
  3 rats (D:1)
39 creatures vanquished.

Notes
Turn   | Place    | Note
-------+----------+-------------------------------------------
     0 | D:1      | 112233 the Octopode Venom Mage began the quest for the Orb.
     0 | D:1      | Reached XP level 1. HP: 11/11 MP: 3/3
   256 | D:1      | Reached XP level 2. HP: 17/17 MP: 0/5
   472 | D:1      | Learned a level 2 spell: Poisonous Vapours
   661 | D:1      | Reached skill level 4 in Poison Magic
   661 | D:1      | Reached XP level 3. HP: 10/21 MP: 1/6
  1369 | D:2      | Reached XP level 4. HP: 19/27 MP: 3/8
  1908 | D:2      | HP: 1/27 [poisoned by an adder]
  1910 | D:2      | Succumbed to an adder's poison

Illustrated notes

Levels and vault maps discovered:
D:1:      dpeg_arrival_more_subterranean_lakeside_camping, layout_basic,
          minmay_misc_feat_pillars
D:2:      layout_loops_ring, uniq_terence

Skill      XL: |  1  2  3  4 |
---------------+-------------+-----
Stealth        | 3 |  3.0
Poison Magic   | 4 |  4.9
Spellcasting   | 3 |  3.1
Dodging        | |  2.2
Transmutations | |  1.3

Action                     |  1- 3 |  4- 6 || total
---------------------------+-------+-------++-------
  Melee: Unarmed           |    12 |       ||    12
         Constrict         |     8 |     2 ||    10
         Short sword       |     5 |       ||     5
         Tentacles         |     2 |       ||     2
         Whip              |     4 |     7 ||    11
   Cast: Sting             |    52 |    19 ||    71
         Poisonous Vapours |     3 |     6 ||     9
    Use: Potion            |     2 |     1 ||     3
         Scroll            |     1 |       ||     1
 Armour: Skin              |     8 |       ||     8
  Dodge: Dodged            |    51 |     5 ||    56

Table legend: (Time is in decaauts)
 A = Elapsed time spent in this place.
 B = Non-inter-level travel time spent in this place.
 C = Inter-level travel time spent in this place.
 D = Time resting spent in this place.
 E = Time spent auto-exploring this place.
 F = Levels seen in this place.
 G = Mean time per level.
                   A        B        C        D        E       F      G
               +--------+--------+--------+--------+--------+-----+--------+
         Total |   1909 |   1872 |     37 |     50 |   1549 |   2 |  954.5 |
       Dungeon |   1909 |   1872 |     37 |     50 |   1549 |   2 |  954.5 |
               +--------+--------+--------+--------+--------+-----+--------+

Top non-repeatable levels by time:
     D:1: 965 daAuts
     D:2: 944 daAuts
